 Dungeon Crawl Stone Soup version 0.25.0-9-g26727b657a (webtiles) character file.

Game seed: 13945598358506159601

77 Acheron the Chopper (level 4, 0/40 HPs)
             Began as a Hill Orc Monk on June 19, 2020.
             Slain by a worm (7 damage)
             ... on level 4 of the Dungeon.
             The game lasted 00:04:52 (961 turns).

Acheron the Chopper (Hill Orc Monk)                  Turns: 961, Time: 00:04:53

Health: 0/40       AC:  5    Str: 13    XL:     4   Next: 33%
Magic:  3/5        EV: 10    Int: 10    God:
Gold:   28         SH:  0    Dex: 14    Spells: 4/4 levels left

rFire    . . .     SeeInvis .   a - +0 hand axe
rCold    . . .     Gourm    .   (no shield)
rNeg     . . .     Faith    .   l - -2 scale mail (curse)
rPois    .         Spirit   .   (no helmet)
rElec    .         Reflect  .   (no cloak)
rCorr    .         Harm     .   (no gloves)
MR       .....                  g - +0 pair of boots
Stlth    +.........             (no amulet)
HPRegen  0.13/turn              (no ring)
MPRegen  0.09/turn              (no ring)

@: lethally poisoned (0 -> -12)
A: no striking features
a: no special abilities


You were on level 4 of the Dungeon.
You were not hungry.

You visited 1 branch of the dungeon, and saw 4 of its levels.

You collected 28 gold pieces.

Inventory:

Hand Weapons
 a - a +0 hand axe (weapon)
Missiles
 k - 25 sling bullets
 m - a throwing net (quivered)
Armour
 b - a +0 robe
 e - a +0 ring mail
 g - a +0 pair of boots (worn)
 l - a cursed -2 scale mail (worn)
Scrolls
 f - a scroll of remove curse
 j - a scroll of fog {unknown}
Comestibles
 c - 4 rations
 h - 6 chunks of flesh


   Skills:
 * Level 4.1 Fighting
 + Level 4.6 Axes
 + Level 0.7 Armour
 * Level 3.0 Dodging
 * Level 2.1 Stealth
 * Level 0.6 Spellcasting


You had 4 spell levels left.
You didn't know any spells.
Your spell library was empty.

Dungeon Overview and Level Annotations

Branches:
Dungeon (4/15)
 Temple: D:4-7

Altars:
Ru

Annotations:
D:3 Ijyb, Robin


Message History

You hit the worm. The worker ant bites you.
You are lethally poisoned!
The worker ant poisons you! The worm bites you.
* * * LOW HITPOINT WARNING * * *
The worker ant bites you but does no damage.
You hit the worker ant.
You kill the worker ant!
Your Dodging skill increases to level 3!
You have reached level 4!
You hit the worm but do no damage.
* * * LOW HITPOINT WARNING * * *
You feel sick. The worm misses you.
You feel much better.
You feel sick. The ogre closely misses you.
You slash the ogre!
The ogre is moderately wounded.
You barely miss the worm.
You feel sick. The ogre hits you with a +0 giant club!
* * * LOW HITPOINT WARNING * * *
The worm bites you!
You die...

##.## #..# ##..#
#..## #..# #
##..# ...##
#..## #....###
##..# #.O@####
#...#
####w..#####..##
###....#..<##
###.......##
##.........##..
##..............
#.............##
##...>........#
#.............#


You could see an ogre and a worm.

Vanquished Creatures
  A worker ant (D:4)
  3 adders
  A worm (D:2)
  A dart slug (D:1)
  4 goblins
  2 hobgoblins
  3 jackals (D:4)
  2 bats
  2 frilled lizards (D:2)
  2 rats (D:2)
21 creatures vanquished.

Notes
Turn   | Place    | Note
-------+----------+-------------------------------------------
     0 | D:1      | Acheron the Hill Orc Monk began the quest for the Orb.
     0 | D:1      | Reached XP level 1. HP: 19/19 MP: 1/1
   225 | D:1      | You fall into a shaft and drop 1 floor!
   250 | D:2      | Reached XP level 2. HP: 9/27 MP: 2/2
   507 | D:2      | Found a sacrificial altar of Ru.
   643 | D:3      | Reached XP level 3. HP: 23/33 MP: 3/3
   731 | D:3      | Noticed Robin
   861 | D:3      | Noticed Ijyb
   952 | D:4      | Noticed an ogre
   959 | D:4      | Reached XP level 4. HP: 6/40 MP: 3/5
   961 | D:4      | Slain by a worm

Illustrated notes

Levels and vault maps discovered:
D:1:      lightli_arrival_lavapool, layout_basic, minmay_ruptured
D:2:      layout_loops_ring, first_ration, grunt_decor_resistance,
          nicolae_ru_sacrificial_ziggurat
D:3:      layout_basic, minmay_shallow_snake_nest, uniq_jessica, uniq_robin,
          uniq_ijyb
D:4:      layout_cave_pods, minitemple, minmay_temple_entry_proselytizer

Skill      XL: |  1  2  3 |
---------------+----------+-----
Stealth        | 2 |  2.1
Fighting       | 4 |  4.1
Dodging        | 3 |  3.0
Axes           | |  4.6
Armour         | |  0.7
Spellcasting   | |  0.6

Action                   |  1- 3 |  4- 6 || total
-------------------------+-------+-------++-------
Melee: Hand axe          |    91 |     1 ||    92
  Use: Scroll            |     3 |       ||     3
       Potion            |     1 |     1 ||     2
 Stab: Distracted        |     1 |       ||     1
Armor: Ring mail         |    20 |       ||    20
       Scale mail        |     8 |       ||     8
Dodge: Dodged            |    63 |     2 ||    65
